 Dungeon Crawl Stone Soup version 0.31-a0-202-g547052bce9 (webtiles) character file.

Game seed: 9624201553776439548

235 qw the Skirmisher (level 5, 0/30 HPs)
             Began as a Deep Elf Hunter on June 26, 2023.
             Slain by a kobold brigand
             ... wielding a +0 dagger
              (1 damage)
             ... in a sewer.
             The game lasted 00:02:39 (3902 turns).

qw the Skirmisher (Deep Elf Hunter)                 Turns: 3902, Time: 00:02:39

Health: 0/30       AC:  6    Str: 10    XL:     5   Next: 76%
Magic:  7/7        EV: 12    Int: 14    God:
Gold:   206        SH:  0    Dex: 24    Spells: 4/4 levels left

rFire   + . .        h - +1 shortbow
rCold   . . .        (shield currently unavailable)
rNeg    . . .        a - +0 ring mail
rPois   .            (no helmet)
rElec   .            (no cloak)
rCorr   .            e - +0 pair of gloves
SInv    .            (no boots)
Will    .....        (no amulet)
Stlth   ++           c - ring of protection from fire
HPRegen 0.25/turn    b - +6 ring of dexterity
MPRegen 0.10/turn

%: no passive effects
@: lethally poisoned (0 -> -7), about to teleport
A: no striking features
a: no special abilities


You were in a sewer.
You visited 1 branch of the dungeon, and saw 4 of its levels.
You also visited: Sewer.

You collected 206 gold pieces.


   Skills:
 + Level 1.8 Fighting
 - Level 9.0 Ranged Weapons
 - Level 3.1 Dodging
 - Level 1.2 Stealth


You had 4 spell levels left.
You didn't know any spells.
Your spell library was empty.

Inventory:

Hand Weapons
 h - a +1 shortbow (weapon)
Armour
 a - a +0 ring mail (worn)
 e - a +0 pair of gloves (worn)
Jewellery
 b - a +6 ring of dexterity (right hand)
 c - a ring of protection from fire (left hand)
 Y - a ring of positive energy
Scrolls
 f - 2 scrolls of identify
Potions
 g - 3 potions of curing
 i - a potion of resistance
 j - 3 potions of mutation
 k - a potion of degeneration {unknown}
 l - a potion of magic {unknown}
 m - a potion of brilliance {unknown}
 p - a potion of lignification {unknown}

Dungeon Overview and Level Annotations

Branches:
Dungeon (4/15)              Sewer (1/1)
 Temple: D:4-7

Altars:
Sif Muna
Uskayaw
Wu Jian
Yredelemnul

Annotations:
D:3 3 runed translucent doors, qw's ghost, amateur DEHu


Message History

Found four items.
Enter note: You shoot an arrow.
The arrow hits the kobold.
You kill the kobold!
You feel very sick.
The kobold throws a poisoned dart.
The poisoned dart hits you!
You are more poisoned.
The kobold brigand throws a poisoned dart.
The poisoned dart hits you!
You are more poisoned.
You shoot an arrow.
The arrow closely misses the kobold brigand.
You feel very sick.
You shoot an arrow. The arrow closely misses the kobold.
The arrow hits the kobold brigand.
The kobold brigand is lightly wounded.
You feel very sick. The kobold hits you but does no damage.
You shoot an arrow. The arrow closely misses the kobold.
The arrow barely misses the kobold brigand.
You feel very sick. The kobold hits you with a +0 dagger.
You shoot an arrow. The arrow hits the kobold.
You kill the kobold!
You feel very sick.
The kobold brigand throws a poisoned dart.
The poisoned dart hits you!
You are lethally poisoned!
You shoot an arrow. The arrow hits the kobold.
You kill the kobold!
You feel very sick.
3901 ||| READING scroll of teleportation.
As you read the scroll of teleportation, it crumbles to dust.
You feel strangely unstable.
You feel very sick.
You shoot an arrow.
The arrow closely misses the kobold brigand.
You feel very sick.
The kobold brigand hits you with a +0 dagger.
You die...

~~~~~~~ ~~~~~~~~~
~~~~~~~~~~~~ ~~~~~~~~
~~~~~~~~~~~~ ~~~~~~~.
~~~~~~~~~~ ##...~~~.
~~~~~.~####........ # #
#~~~~..##.....##.. #[!#.
#~............###.
#?....#K......%%...###..
#...)K@.....####%......
#!....#....### ##....%#
#!.#. ###### ####### # #


You could see a kobold brigand and a kobold.

Vanquished Creatures
  2 orc wizards (D:3)
  A howler monkey zombie (D:3)
  4 adders
  5 river rats (Sewer)
  An adder zombie (D:3)
  A worm (D:2)
  3 endoplasms
  6 giant cockroaches
  10 goblins
  2 hobgoblins
  5 jackals (D:1)
  10 kobolds
  A quokka (D:2)
  9 ball pythons
  9 bats
  9 frilled lizards
  19 rats
97 creatures vanquished.

Notes
Turn   | Place    | Note
-------+----------+-------------------------------------------
     0 | D:1      | qw the Deep Elf Hunter began the quest for the Orb.
     0 | D:1      | Reached XP level 1. HP: 12/12 MP: 3/3
     0 | D:1      | 0 ||| qw: Version: 0.3-a-22-g0ed2b0b
     0 | D:1      | 0 ||| qw: Game counter: 5782
     0 | D:1      | 0 ||| qw: Melee chars always use a shield: true
     0 | D:1      | 0 ||| qw: God list: Okawaru
     0 | D:1      | 0 ||| qw: Allow faded altars: false
     0 | D:1      | 0 ||| qw: Do Orc after clearing Dungeon:15 true
     0 | D:1      | 0 ||| qw: Do second Lair branch before Depths: true
     0 | D:1      | 0 ||| qw: Lair rune preference: random
     0 | D:1      | 0 ||| qw: Goals: Normal
     0 | D:1      | 0 ||| PLANNING D:1-11
   231 | D:1      | HP: 3/12 [jackal (2)]
   233 | D:1      | Reached skill level 6 in Ranged Weapons
   233 | D:1      | Reached XP level 2. HP: 5/16 MP: 4/4
   632 | D:1      | Reached XP level 3. HP: 20/20 MP: 5/5
   862 | D:1      | 862 ||| UPGRADING to ring of positive energy.
   863 | D:1      | 863 ||| READING scroll labelled UJUPRO FOH NELI.
   868 | D:1      | 868 ||| READING scroll labelled GIGIGH NOKLETH.
   869 | D:1      | 869 ||| READING scroll labelled GYAKOTYSMUURGH.
   870 | D:1      | 870 ||| READING scroll labelled ZUGEUS PAS.
   871 | D:1      | 871 ||| READING scroll labelled OTUTUG HIOT.
   872 | D:1      | 872 ||| READING scroll labelled MAOMAQ GI MAOM.
   873 | D:1      | 873 ||| READING scroll labelled QUMIOSH PEIGETT.
   874 | D:1      | 874 ||| DRINKING 3 inky potions.
   875 | D:1      | 875 ||| DRINKING 2 fuming pink potions.
   876 | D:1      | 876 ||| DROPPING scroll of butterflies.
   877 | D:1      | 877 ||| DROPPING potion of attraction.
   988 | D:2      | Reached skill level 7 in Ranged Weapons
  1020 | D:2      | Found a hide-covered altar of Uskayaw.
  1334 | D:2      | Found a faded altar of an unknown god.
  1673 | D:2      | 1673 ||| UPGRADING to +0 ring mail.
  1683 | D:2      | 1683 ||| DROPPING +0 leather armour.
  1684 | D:2      | 1684 ||| UPGRADING to +6 ring of dexterity.
  1685 | D:2      | 1685 ||| READING scroll labelled PINTUYZEOS.
  1686 | D:2      | 1686 ||| READING scroll labelled JAGHEU GUDEUT.
  1758 | D:3      | Found a shimmering blue altar of Sif Muna.
  1864 | D:3      | Found a runed translucent gate.
  1864 | D:3      | Found a runed translucent gate.
  1864 | D:3      | Found a runed translucent gate.
  1864 | D:3      | Noticed qw's ghost (amateur DEHu)
  1866 | D:3      | 1866 ||| UPGRADING to ring of protection from fire.
  1868 | D:3      | 1868 ||| DRINKING 2 puce potions.
  1875 | D:3      | 1875 ||| FLEEEEING.
  1876 | D:3      | 1876 ||| STAIRDANCE
  1978 | D:2      | 1978 ||| DRINKING 2 murky inky potions.
  1979 | D:2      | 1979 ||| READING 2 scrolls of identify.
  1979 | D:2      | 1979 ||| IDENTIFYING bubbling black potion
  1980 | D:2      | 1980 ||| DROPPING potion of berserk rage.
  1991 | D:3      | Reached XP level 4. HP: 15/25 MP: 6/6
  2139 | D:3      | Found an ornate altar of the Wu Jian Council.
  2183 | D:3      | Found a basalt altar of Yredelemnul.
  2371 | D:3      | 2371 ||| Stepping ~*~*~tactically~*~*~ (outnumbered).
  2373 | D:3      | 2373 ||| Stepping ~*~*~tactically~*~*~ (outnumbered).
  2375 | D:3      | 2375 ||| Stepping ~*~*~tactically~*~*~ (outnumbered).
  2377 | D:3      | 2377 ||| Stepping ~*~*~tactically~*~*~ (outnumbered).
  2379 | D:3      | 2379 ||| Stepping ~*~*~tactically~*~*~ (outnumbered).
  2524 | D:3      | Reached skill level 8 in Ranged Weapons
  2535 | D:3      | Reached skill level 3 in Dodging
  2535 | D:3      | Reached XP level 5. HP: 21/29 MP: 7/7
  3637 | D:3      | 3637 ||| Stepping randomly (stuck).
  3650 | D:4      | 3650 ||| PLANNING SEWER
  3673 | D:4      | Found a glowing drain.
  3674 | D:4      | 3674 ||| UPGRADING to +0 pair of gloves.
  3697 | Sewer    | Entered a sewer
  3820 | Sewer    | 3820 ||| Stepping ~*~*~tactically~*~*~ (water).
  3830 | Sewer    | 3830 ||| Stepping ~*~*~tactically~*~*~ (water).
  3877 | Sewer    | Reached skill level 9 in Ranged Weapons
  3900 | Sewer    | HP: 7/30 [poisoned by a kobold brigand]
  3901 | Sewer    | 3901 ||| READING scroll of teleportation.
  3902 | Sewer    | HP: 1/30 [poisoned by a kobold brigand]
  3902 | Sewer    | Slain by a kobold brigand

Levels and vault maps discovered:
D:1:      lightli_arrival_statue_moat, layout_basic,
          minmay_misc_feat_more_columns, supply_closet_lemuel,
          minmay_gold_behind_fungi, minmay_heptomino_d4
D:2:      layout_basic, shapermc_ecumenical_altar_mp_vishouse, basic_altar,
          corexii_leaking_fountain
D:3:      layout_basic, amcnicky_altar_gilded, led_sif_book,
          nicolae_yredelemnul_ghost_church, lexackson_kobold_supper
D:4:      layout_rooms, slow_altar_2, nicolae_qazlal_scattered_showers,
          gup_sewer_entry_glass, minmay_splitting_lines, uniq_natasha,
          uniq_blork_the_orc
Sewer:    sewer_minmay_treatment

Skill      XL: |  1  2  3  4  5 |
---------------+----------------+-----
Ranged Weapons | 6 7 8 9 |  9.0
Dodging        | 3 |  3.1
Fighting       | |  1.8
Stealth        | |  1.2

Action                     |  1- 3 |  4- 6 || total
---------------------------+-------+-------++-------
   Fire: Shortbow          |   121 |   408 ||   529
    Use: Scroll            |    10 |     1 ||    11
         Potion            |     4 |       ||     4
 Armour: Leather armour    |    13 |       ||    13
         Ring mail         |     2 |    11 ||    13
  Dodge: Dodged            |    43 |    23 ||    66

Table legend:
 A = Non-vault XP
 B = Vault XP
 C = Vault XP percentage of total XP
 D = Non-vault monster count
 E = Vault monster count
 F = Vault count percentage of total count
                 A         B        C        D         E       F
            +---------+---------+-------+---------+---------+-------
      Total |      94 |     243 |  72.1 |      51 |      46 |  47.4
            +---------+---------+-------+---------+---------+-------
        D:1 |      39 |       8 |  17.0 |      25 |       4 |  13.8
        D:2 |      37 |       0 |   0.0 |      15 |       0 |   0.0
        D:3 |      14 |     102 |  87.9 |       9 |      12 |  57.1
        D:4 |       4 |      17 |  81.0 |       2 |       3 |  60.0
      Sewer |       0 |     116 | 100.0 |       0 |      27 | 100.0
            +---------+---------+-------+---------+---------+-------
